Map: Dusk Towers

Players

llllllllllll - Winner!

  • Race: Protoss Protoss
  • League: Grandmaster

Miszu

  • Race: Terran Terran
  • League: Grandmaster

VOD

Have the link to the VOD?

Description

Time

  • Played on: Feb. 20, 2016, 12:23 p.m.
  • Length: 14:02
Show
View Real Time Build Order
Export as new Build Order

llllllllllll Protoss - Winner!

Build Orders: 1 Gate Expand, Oracle Opening 

Get SALT Encoding   

  12  0:01  Probe (Chrono Boost)  
  13  0:11  Probe (Chrono Boost)  
  14  0:17  Pylon  
  14  0:22  Probe (Chrono Boost)  
  15  0:36  Gateway, Probe (Chrono Boost)  
  16  0:46  Probe (Chrono Boost)  
  16  0:48  Assimilator  
  18  0:57  Probe (Chrono Boost)  
  18  1:07  Probe (Chrono Boost)  
  19  1:22  Probe (Chrono Boost)  
  19  1:25  Nexus  
  20  1:34  Cybernetics Core, Probe (Chrono Boost)  
  21  1:44  Assimilator  
  21  1:45  Probe (Chrono Boost)  
  22  1:54  Pylon  
  22  1:55  Probe (Chrono Boost)  
  23  2:12  Adept (Chrono Boost), Warp Gate, Probe  
  26  2:22  Pylon  
  26  2:24  Probe (Chrono Boost)  
  27  2:35  Probe (Chrono Boost)  
  28  2:38  Adept  
  28  2:43  Stargate  
  30  2:45  Probe (Chrono Boost)  
  30  2:48  Probe (Chrono Boost)  
  32  2:56  Mothership Core (Chrono Boost)  
  34  2:59  Probe (Chrono Boost)  
  34  3:01  Pylon  
  35  3:09  Probe (Chrono Boost)  
  36  3:14  Adept  
  36  3:15  Probe (Chrono Boost)  
  39  3:20  Probe (Chrono Boost)  
  39  3:25  Probe (Chrono Boost)  
  41  3:27  Oracle (Chrono Boost)  
  41  3:29  Probe  
  45  3:36  Probe  
  46  3:42  Nexus  
  46  3:43  Probe  
  47  3:49  Probe  
  47  3:54  Pylon, Probe  
  49  4:01  Oracle (Chrono Boost), Probe  
  53  4:04  Probe  
  54  4:11  Assimilator  
  54  4:13  Probe  
  54  4:15  Probe, Assimilator  
  54  4:16  Pylon  
  56  4:25  Probe x2 (Chrono Boost)  
  56  4:26  Twilight Council  
  58  4:40  Gateway  
  58  4:41  Probe x2 (Chrono Boost)  
  58  4:42  Gateway  
  58  4:44  Gateway  
  60  4:48  Gateway  
  60  4:51  Probe (Chrono Boost)  
  60  4:52  Probe (Chrono Boost)  
  62  4:55  Probe (Chrono Boost)  
  62  4:56  Gateway  
  63  5:02  Probe x2 (Chrono Boost)  
  65  5:12  Probe (Chrono Boost)  
  65  5:13  Resonating Glaives (Chrono Boost)  
  65  5:14  Probe  
  67  5:16  Pylon  
  67  5:17  Probe  
  67  5:19  Robotics Facility  
  68  5:23  Probe  
  68  5:26  Probe  
  68  5:27  Sentry  
  68  5:28  Probe  
  72  5:33  Probe  
  74  5:38  Probe  
  74  5:39  Probe  
  74  5:42  Pylon  
  76  5:47  Pylon  
  76  5:50  Pylon  
  76  5:51  Probe  
  76  5:52  Adept x2  
  76  5:53  Adept x3, Probe  
  76  5:54  Adept  
  90  5:58  Probe  
  90  6:01  Assimilator  
  90  6:03  Probe  
  92  6:04  Forge  
  92  6:06  Forge, Probe, Assimilator  
  92  6:10  Observer (Chrono Boost), Probe  
  94  6:16  Probe  
  96  6:21  Adept x5  
  96  6:24  Pylon  
  106  6:26  Adept  
  106  6:29  Observer (Chrono Boost)  
  106  6:30  Protoss Ground Weapons Level 1 (Chrono Boost), Protoss Ground Armor Level 1 (Chrono Boost)  
  107  6:47  Blink (Chrono Boost)  
  107  6:51  Warp Prism, Photon Cannon  
  107  6:52  Pylon  
  109  6:57  Pylon  
  109  6:58  Photon Cannon  
  109  6:59  Adept x3  
  109  7:00  Adept x2  
  119  7:08  Templar Archives, Gateway  
  119  7:10  Gateway  
  119  7:19  Gateway  
  119  7:21  Gateway x2  
  119  7:30  Adept x3  
  119  7:31  Adept x2  
  119  7:36  Psionic Storm  
  129  7:51  High Templar x4  
  133  7:53  Immortal  
  133  7:56  Nexus  
  141  8:11  Probe  
  142  8:14  Protoss Ground Armor Level 2, Protoss Ground Weapons Level 2  
  142  8:17  Adept x2  
  146  8:20  Pylon  
  146  8:22  Pylon  
  146  8:24  Pylon  
  146  8:25  Pylon x2  
  146  8:40  Adept x2  
  146  8:41  Adept x5  
  156  8:42  Adept x2  
  164  8:49  High Templar x2  
  168  9:15  Stalker  
  168  9:16  Stalker x6  
  168  9:17  Stalker x2  
  182  9:22  Stalker  
  182  9:23  Stalker  
  174  9:40  Adept  
  174  9:41  Adept x7  
  174  9:42  Adept, Probe  
  171  9:51  Probe  
  146  10:03  Stalker x4  
  146  10:04  Stalker x4  
  144  10:10  Adept x3  
  150  10:26  High Templar  
  150  10:27  High Templar x2  
  150  10:29  Assimilator  
  150  10:31  Assimilator  
  146  10:43  Nexus  
  138  10:54  Probe  
  131  11:10  Adept x3  
  131  11:11  Adept x3  
  143  11:12  Adept x4  
  129  11:32  Stalker x6  
  139  11:33  Stalker x5  
  151  11:46  Pylon  
  140  12:02  Adept x5  
  140  12:03  Adept x5  
  120  12:15  Adept  
  118  12:24  Stalker x4  
  118  12:25  Stalker x3  
  127  12:36  Adept x3  
  115  12:46  High Templar  
  115  12:49  Stalker  
  115  12:50  Stalker x3  
  125  12:51  High Templar x2  
  126  13:02  Adept  
  126  13:03  Adept x3  
  126  13:15  Adept  
  126  13:16  Adept x2  
  124  13:32  High Templar x4  
  111  13:50  Stalker x4  
Show
View Real Time Build Order
Export as new Build Order

Miszu Terran 

Build Orders: Command Center First (CC), MMM Bio 

Get SALT Encoding   

  12  0:01  SCV  
  13  0:14  SCV  
  14  0:19  Supply Depot  
  14  0:26  SCV  
  15  0:40  SCV  
  16  0:52  SCV  
  17  1:04  SCV  
  17  1:09  Command Center  
  18  1:17  SCV  
  19  1:21  Barracks  
  19  1:29  SCV  
  20  1:33  Barracks  
  20  1:41  SCV  
  21  1:50  Barracks  
  21  1:53  SCV  
  22  2:16  Marine, Orbital Command  
  22  2:20  Orbital Command  
  23  2:23  Marine  
  24  2:34  Marine  
  25  2:38  Marine  
  25  2:43  SCV  
  27  2:45  Marine  
  27  2:46  SCV  
  27  2:51  Refinery x2  
  29  2:52  Marine  
  29  2:55  SCV  
  29  2:56  Marine  
  32  2:59  Supply Depot  
  32  3:01  SCV  
  32  3:02  Supply Depot  
  32  3:03  Marine  
  34  3:07  SCV  
  34  3:10  Marine  
  36  3:13  Marine, SCV  
  38  3:21  Barracks Tech Lab  
  38  3:22  SCV  
  38  3:25  SCV  
  40  3:28  Marine  
  40  3:32  Marine  
  42  3:34  SCV  
  42  3:37  SCV  
  42  3:40  Supply Depot  
  44  3:42  Marine  
  44  3:43  Stimpack  
  44  3:46  Marine, SCV  
  47  3:49  SCV  
  47  3:50  Marine  
  49  3:59  Marine, SCV  
  49  4:01  Factory, SCV  
  52  4:04  Supply Depot, Marine  
  52  4:06  Engineering Bay  
  52  4:08  Marine  
  54  4:11  SCV  
  54  4:14  SCV  
  54  4:15  Refinery  
  56  4:17  Marine  
  56  4:22  Marine  
  56  4:23  SCV  
  59  4:26  Marine, SCV  
  61  4:35  Marine, SCV  
  61  4:36  Terran Infantry Weapons Level 1  
  61  4:37  Missile Turret  
  61  4:38  SCV  
  64  4:39  Supply Depot  
  64  4:40  Marine  
  64  4:44  Marine  
  66  4:48  Factory Reactor  
  66  4:50  Starport  
  66  4:51  Supply Depot  
  66  4:52  SCV  
  67  4:53  Marine  
  67  4:54  SCV  
  67  4:59  Marine  
  70  5:04  SCV  
  64  5:16  Missile Turret  
  64  5:19  Marine x3  
  64  5:21  SCV x2  
  69  5:33  SCV  
  70  5:37  Marine  
  70  5:38  SCV  
  70  5:39  Supply Depot, Marine  
  70  5:41  Medivac x2  
  77  5:45  SCV  
  78  5:50  SCV  
  78  5:51  Combat Shields  
  79  5:57  SCV  
  79  5:58  Missile Turret  
  79  5:59  Command Center  
  79  6:02  Barracks Reactor, Barracks Tech Lab  
  79  6:03  SCV  
  81  6:07  Supply Depot  
  81  6:09  SCV  
  82  6:12  Refinery  
  82  6:15  Marauder, SCV  
  85  6:21  Marauder  
  85  6:23  SCV  
  88  6:27  Supply Depot  
  88  6:33  Barracks  
  88  6:34  Barracks  
  88  6:36  Marine  
  88  6:38  Marine  
  86  6:42  Medivac x2, Marauder  
  86  6:46  SCV  
  94  6:47  SCV  
  94  6:49  Fusion Core  
  94  6:52  Concussive Shells  
  94  6:54  Starport  
  94  6:55  Supply Depot, Liberator  
  94  6:58  Liberator  
  94  6:59  SCV  
  94  7:00  SCV  
  106  7:17  SCV  
  106  7:19  SCV  
  106  7:20  Orbital Command  
  104  7:25  Barracks Tech Lab  
  104  7:26  Barracks Reactor  
  104  7:31  Starport Tech Lab  
  104  7:34  Terran Infantry Armor Level 1, SCV x2  
  106  7:38  Marauder  
  106  7:40  Refinery x2  
  106  7:41  Marauder  
  110  7:46  SCV  
  110  7:47  SCV  
  110  7:50  SCV  
  113  7:51  Liberator  
  113  7:56  Advanced Ballistics  
  113  7:57  Liberator  
  114  7:58  SCV  
  114  7:59  SCV  
  115  8:06  Supply Depot  
  115  8:07  Supply Depot  
  115  8:08  Supply Depot  
  118  8:16  Marine x2, Marauder x2, Liberator  
  118  8:19  SCV x3  
  130  8:30  Supply Depot  
  130  8:32  Supply Depot  
  133  8:34  Liberator  
  133  8:35  Marine x5  
  138  8:47  Engineering Bay, Liberator  
  138  8:48  Armory  
  138  8:51  Barracks x2  
  138  8:53  Barracks  
  138  8:54  Marauder  
  138  8:55  Marine x3, Marauder x2  
  149  8:59  Liberator  
  152  9:10  Marine  
  152  9:13  Marine  
  152  9:16  Marauder x2  
  161  9:19  Supply Depot x2  
  161  9:20  Supply Depot  
  150  9:43  Liberator x2  
  150  9:44  Liberator  
  105  9:59  Marine  
  81  10:00  Marauder  
  81  10:03  SCV  
  81  10:04  SCV x2  
  70  10:23  Marine x2, Marauder  
  70  10:24  Marine x2  
  75  10:43  SCV  
  77  10:51  SCV  
  77  10:52  Marine  
  77  10:53  Marauder, SCV  
  77  10:54  Marine x3, Marauder  
  77  10:55  SCV  
  83  11:02  Marine  
  82  11:05  Liberator  
  81  11:23  Marauder  
  81  11:25  Marine, Marauder  
  87  11:26  Marine  
  87  11:27  SCV  
  87  11:30  Marine  
  91  11:34  Marine  
  91  11:35  Marine x2  
  91  11:39  SCV x2  
  96  11:41  SCV  
  67  12:22  Marine x5, Marauder  
  74  12:23  Marine, Marauder  
  72  12:39  Marine  
  72  12:40  Marine x4  
  72  12:41  Marine  
  72  12:43  Marauder  
  78  12:45  Marauder, SCV  
  81  12:57  Marine  
  81  12:58  Marine x4  
  83  13:05  Marauder  
  84  13:09  Marine, Marauder  
  87  13:16  Marine  
  85  13:41  Marauder  
  74  13:49  Barracks Tech Lab  
Tags
 
Add a new tag
Caveats
  • Supply blocks, unpowered buildings, or Contaminate may cause inaccurate times.
  • Supply counts are checked every 10 seconds.